Map: Ley Lines

Players

IIIIIIIIIIII

  • Race: Zerg Zerg
  • League: Silver
  • Spawn Location: 1:00

llllllllllll - Winner!

  • Race: Protoss Protoss
  • League: Bronze
  • Spawn Location: 7:00

VOD

Have the link to the VOD?

Description

Time

  • Played on: April 24, 2025, 8:45 a.m.
  • Length: 3:57
Show
View Real Time Build Order
Export as new Build Order

IIIIIIIIIIII Zerg 

Build Orders: Hatch First 

Get SALT Encoding   

  12  0:00  Drone  
  13  0:11  Drone  
  14  0:18  Overlord  
  14  0:23  Extractor  
  14  0:25  Drone  
  15  0:37  Drone x2  
  17  0:57  Drone, Hatchery  
  17  1:00  Extractor  
  17  1:01  Drone  
  17  1:07  Drone  
  18  1:20  Spawning Pool  
  17  1:29  Drone x2  
  19  1:42  Overlord  
  19  1:49  Drone  
  20  2:09  Queen  
  20  2:10  Zergling x6  
  20  2:12  Metabolic Boost  
  25  2:20  Drone  
  26  2:26  Queen  
  28  2:38  Drone x3  
  28  2:41  Drone  
  32  2:47  Drone  
  33  2:54  Lair  
  33  2:57  Extractor  
  32  3:03  Drone x2  
  34  3:07  Overlord  
  34  3:24  Roach Warren  
  34  3:25  Drone  
  34  3:26  Drone x2  
  36  3:27  Drone  
  36  3:31  Drone  
  38  3:41  Drone x2  
  38  3:42  Drone x2  
Show
View Real Time Build Order
Export as new Build Order

llllllllllll Protoss - Winner!

Build Orders: 1 Gate Expand 

Get SALT Encoding   

  12  0:00  Probe  
  13  0:12  Probe  
  14  0:19  Pylon  
  14  0:24  Probe  
  15  0:37  Probe  
  15  0:40  Gateway  
  16  0:47  Probe  
  16  0:50  Assimilator  
  16  0:55  Probe  
  18  1:06  Probe  
  19  1:28  Nexus  
  19  1:37  Cybernetics Core  
  19  1:40  Probe  
  20  1:48  Assimilator  
  20  1:52  Probe  
  21  1:56  Pylon  
  21  2:04  Probe  
  21  2:05  Adept  
  24  2:17  Probe  
  24  2:22  Stargate  
  25  2:29  Probe  
  26  2:37  Probe  
  26  2:38  Probe  
  28  2:45  Probe  
  28  2:46  Probe  
  30  2:55  Probe  
  30  2:56  Probe  
  32  3:02  Void Ray  
  32  3:07  Probe  
  32  3:10  Probe  
  38  3:19  Probe  
  39  3:22  Probe  
  39  3:24  Twilight Council  
  40  3:31  Probe  
  41  3:35  Probe  
  41  3:43  Probe  
  46  3:51  Pylon  
Tags
 
Add a new tag
Caveats
  • Supply blocks, unpowered buildings, or Contaminate may cause inaccurate times.
  • Supply counts are checked every 10 seconds.